TOP OF THE 1ST |
South Bend Cubs batting - Pitching for Hagerstown Suns : RHP Josh Jenkins
|
Pitching: RHP Josh Jenkins
|
|
Batting: LHB Sumiki Okuhara
|
0-0: Ball 1-0: Swinging Strike 1-1: Swinging Strike 1-2: Ball 2-2: Strikes out swinging
|
Batting: LHB Alex Ramos
|
0-0: Ball 1-0: Ground out 3-1 (Groundball, 34, EV 82.5 MPH)
|
Batting: RHB Nick Beecher
|
0-0: Ball 1-0: Foul Ball, location: 2F 1-1: Ball 2-1: Swinging Strike 2-2: Fly out, F9 (Line Drive, 9, EV 85.6 MPH)
|
Top of the 1st over - 0 runs, 0 hits, 0 errors, 0 left on base; South Bend 0 - Hagerstown 0 |
BOTTOM OF THE 1ST |
Hagerstown Suns batting - Pitching for South Bend Cubs : LHP Andres Lobato
|
Pitching: LHP Andres Lobato
|
|
Batting: RHB Antonio Morado
|
0-0: Ground out 3-1 (Groundball, 34S, EV 86.9 MPH)
|
Batting: RHB Travis Stanley
|
0-0: Called Strike 0-1: Foul Ball, location: 2F 0-2: Ball 1-2: Strikes out swinging
|
Batting: RHB Deshawn Boseman
|
0-0: Ball 1-0: Ball 2-0: Reached on error, E5 (Groundball, 56, EV 83.1 MPH)
|
Batting: RHB Steve Bauman
|
0-0: Ball 1-0: Swinging Strike 1-1: Foul Ball, location: 2F 1-2: Strikes out swinging
|
Bottom of the 1st over - 0 runs, 0 hits, 1 error, 1 left on base; South Bend 0 - Hagerstown 0 |
TOP OF THE 2ND |
South Bend Cubs batting - Pitching for Hagerstown Suns : RHP Josh Jenkins
|
Batting: LHB Melvin Salgado
|
0-0: Called Strike 0-1: Fly out, F9 (Flyball, 9S, EV 85.6 MPH)
|
Batting: RHB Jon Aguilar
|
0-0: Called Strike 0-1: Ball 1-1: Swinging Strike 1-2: Ball 2-2: Strikes out swinging
|
Batting: RHB Tim Long
|
0-0: Ball 1-0: Swinging Strike 1-1: Ball 2-1: Foul Ball, location: 2F 2-2: Foul Ball, location: 2F 2-2: Ball 3-2: Base on Balls
|
Batting: RHB Du Kim
|
0-0: Hit by Pitch Tim Long to second
|
Batting: RHB Jerry Blas
|
0-0: Swinging Strike 0-1: Called Strike 0-2: Strikes out swinging
|
Top of the 2nd over - 0 runs, 0 hits, 0 errors, 2 left on base; South Bend 0 - Hagerstown 0 |
BOTTOM OF THE 2ND |
Hagerstown Suns batting - Pitching for South Bend Cubs : LHP Andres Lobato
|
Batting: RHB Antonio Vallez
|
0-0: Ball 1-0: Ball 2-0: Called Strike 2-1: Fly out, F9 (Line Drive, 89D, EV 90.6 MPH)
|
Batting: RHB Er Le
|
0-0: Ball 1-0: Called Strike 1-1: SINGLE (Groundball, 15S, EV 69.4 MPH) (infield hit)
|
Batting: RHB Jelexiz Cuenca
|
0-0: Ball Er Le steals 2nd base 1-0: Called Strike 1-1: Foul Ball, location: 2F 1-2: Ball 2-2: Strikes out swinging
|
Batting: SHB Alex Medina
|
0-0: Swinging Strike 0-1: Fly out, F4 (Popup, 13S, EV 89.4 MPH)
|
Bottom of the 2nd over - 0 runs, 1 hit, 0 errors, 1 left on base; South Bend 0 - Hagerstown 0 |
TOP OF THE 3RD |
South Bend Cubs batting - Pitching for Hagerstown Suns : RHP Josh Jenkins
|
Batting: RHB Bartolo Aguilar
|
0-0: Ground out 5-3 (Groundball, 56, EV 88.8 MPH)
|
Batting: LHB Sumiki Okuhara
|
0-0: Ball 1-0: Called Strike 1-1: Foul Ball, location: 2F 1-2: Ball 2-2: Ground out 4-3 (Groundball, 4, EV 88.8 MPH)
|
Batting: LHB Alex Ramos
|
0-0: SINGLE (Line Drive, 6MD, EV 108.1 MPH)
|
Batting: RHB Nick Beecher
|
0-0: Called Strike 0-1: Ball 1-1: Foul Ball, location: 2F 1-2: Foul Ball, location: 2F 1-2: Fielders Choice at 2nd, 6-4 (Groundball, 6, EV 85.6 MPH)
|
Top of the 3rd over - 0 runs, 1 hit, 0 errors, 1 left on base; South Bend 0 - Hagerstown 0 |
BOTTOM OF THE 3RD |
Hagerstown Suns batting - Pitching for South Bend Cubs : LHP Andres Lobato
|
Batting: RHB Scott Skoglund
|
0-0: Called Strike 0-1: Ball 1-1: Ball 2-1: Called Strike 2-2: Ground out 6-3 (Groundball, 6, EV 82.5 MPH)
|
Batting: RHB Antonio Morado
|
0-0: Ball 1-0: Ball 2-0: Called Strike 2-1: Ball 3-1: SINGLE (Groundball, 56D, EV 99.4 MPH)
|
Batting: RHB Travis Stanley
|
0-0: Called Strike 0-1: Ball 1-1: Ball 2-1: Ball 3-1: Base on Balls Antonio Morado to second
|
Batting: RHB Deshawn Boseman
|
0-0: Ball 1-0: SINGLE (Groundball, 6MD, EV 98.8 MPH) Antonio Morado to third Travis Stanley to second
|
Batting: RHB Steve Bauman
|
0-0: Ball 1-0: SINGLE (Flyball, 78S, EV 98.8 MPH) Antonio Morado scores Travis Stanley to third Deshawn Boseman to second Runner from 3rd tries for Home, SAFE, throw by LF to home
|
Batting: RHB Antonio Vallez
|
0-0: Ball 1-0: 3-RUN HOME RUN (Flyball, 7LD, EV 91.9 MPH), Distance : 357 ft
|
Batting: RHB Er Le
|
0-0: Ball 1-0: Ball 2-0: Called Strike 2-1: Ball 3-1: Called Strike 3-2: Foul Ball, location: 2F 3-2: DOUBLE (Flyball, 89D, EV 110.0 MPH)
|
Pitching: RHP Tom Reed
|
|
Batting: RHB Jelexiz Cuenca
|
0-0: Ball 1-0: Called Strike 1-1: Fly out, F7 (Flyball, 78S, EV 90.0 MPH)
|
Batting: SHB Alex Medina
|
0-0: Foul Ball, location: 2F 0-1: Ball 1-1: Swinging Strike 1-2: Ground out 4-3 (Groundball, 34, EV 104.4 MPH)
|
Bottom of the 3rd over - 5 runs, 5 hits, 0 errors, 1 left on base; South Bend 0 - Hagerstown 5 |
TOP OF THE 4TH |
South Bend Cubs batting - Pitching for Hagerstown Suns : RHP Josh Jenkins
|
Batting: LHB Melvin Salgado
|
0-0: Ball 1-0: Ball 2-0: SOLO HOME RUN (Flyball, 9D, EV 92.5 MPH), Distance : 369 ft
|
Batting: RHB Jon Aguilar
|
0-0: Foul Ball, location: 2F 0-1: Ball 1-1: Called Strike 1-2: Ball 2-2: Ball 3-2: Ground out 5-3 (Groundball, 5, EV 80.6 MPH)
|
Batting: RHB Tim Long
|
0-0: Called Strike 0-1: Ball 1-1: Ball 2-1: SINGLE (Line Drive, 5D, EV 95.6 MPH)
|
Batting: RHB Du Kim
|
0-0: Ball 1-0: Ball 2-0: Foul Ball, location: 2F 2-1: 2-RUN HOME RUN (Flyball, 9LD, EV 92.5 MPH), Distance : 338 ft
|
Batting: RHB Jerry Blas
|
0-0: Ball 1-0: Called Strike 1-1: Ball 2-1: Called Strike 2-2: Ball 3-2: Base on Balls
|
Batting: RHB Bartolo Aguilar
|
0-0: Ball 1-0: Called Strike 1-1: Ball Wild Pitch! Jerry Blas to second 2-1: Foul Ball, location: 2F 2-2: Foul Ball, location: 2F 2-2: Ball 3-2: Strikes out swinging
|
Batting: LHB Sumiki Okuhara
|
0-0: Swinging Strike 0-1: Ball 1-1: SINGLE (Groundball, 6MD, EV 96.9 MPH) Jerry Blas to third
|
Batting: LHB Alex Ramos
|
0-0: Ball 1-0: Ball 2-0: Foul Ball, location: 2F 2-1: SINGLE (Line Drive, 8RS, EV 99.4 MPH) Jerry Blas scores Sumiki Okuhara to second
|
Batting: RHB Nick Beecher
|
0-0: SINGLE (Groundball, 4MD, EV 103.8 MPH) Sumiki Okuhara to third Alex Ramos to second Runner from 3rd tries for Home, SAFE, throw by CF to home
|
Pitching: RHP Gary Simmons
|
|
Batting: LHB Melvin Salgado
|
0-0: Ball 1-0: Called Strike 1-1: Foul Ball, location: 2F 1-2: Ball 2-2: Foul Ball, location: 2F 2-2: Ball Passed Ball! Alex Ramos to third Nick Beecher to second 3-2: Strikes out swinging
|
Top of the 4th over - 5 runs, 6 hits, 0 errors, 2 left on base; South Bend 5 - Hagerstown 5 |
BOTTOM OF THE 4TH |
Hagerstown Suns batting - Pitching for South Bend Cubs : RHP Tom Reed
|
Batting: RHB Scott Skoglund
|
0-0: Called Strike 0-1: Called Strike 0-2: Ball 1-2: Strikes out swinging
|
Batting: RHB Antonio Morado
|
0-0: Ball 1-0: Ball 2-0: Swinging Strike 2-1: Swinging Strike 2-2: Ball 3-2: Strikes out swinging
|
Batting: RHB Travis Stanley
|
0-0: Ball 1-0: Ball 2-0: Called Strike 2-1: Foul Ball, location: 2F 2-2: Ground out 6-3 (Groundball, 6, EV 81.9 MPH)
|
Bottom of the 4th over - 0 runs, 0 hits, 0 errors, 0 left on base; South Bend 5 - Hagerstown 5 |
TOP OF THE 5TH |
South Bend Cubs batting - Pitching for Hagerstown Suns : RHP Gary Simmons
|
Batting: RHB Jon Aguilar
|
0-0: Ball 1-0: SINGLE (Line Drive, 34D, EV 99.4 MPH)
|
Batting: RHB Tim Long
|
0-0: Ball 1-0: Ball Jon Aguilar steals 2nd base (no throw) 2-0: Fly out, F3 (Flyball, 3D, EV 84.4 MPH)
|
Batting: RHB Du Kim
|
0-0: Foul Ball, location: 2F 0-1: SINGLE (Flyball, 89S, EV 88.1 MPH) Jon Aguilar to third
|
Batting: RHB Jerry Blas
|
0-0: Ball Du Kim steals 2nd base (no throw) 1-0: Ball 2-0: Ball 3-0: Called Strike 3-1: Base on Balls
|
Batting: RHB Bartolo Aguilar
|
0-0: Ball 1-0: Called Strike 1-1: Ball 2-1: Foul Ball, location: 2F 2-2: Strikes out swinging
|
Batting: LHB Sumiki Okuhara
|
0-0: Swinging Strike 0-1: Called Strike 0-2: Strikes out swinging
|
Top of the 5th over - 0 runs, 2 hits, 0 errors, 3 left on base; South Bend 5 - Hagerstown 5 |
BOTTOM OF THE 5TH |
Hagerstown Suns batting - Pitching for South Bend Cubs : RHP Tom Reed
|
Batting: RHB Deshawn Boseman
|
0-0: Called Strike 0-1: Ball 1-1: Swinging Strike 1-2: Foul Ball, location: 2F 1-2: Strikes out swinging
|
Pitching: RHP Jean-Paul Lefebvre
|
|
Batting: RHB Steve Bauman
|
0-0: Ball 1-0: Ball 2-0: Called Strike 2-1: Foul Ball, location: 2F 2-2: Fly out, F9 (Flyball, 9, EV 76.2 MPH)
|
Batting: RHB Antonio Vallez
|
0-0: Called Strike 0-1: Ball 1-1: Ball 2-1: Ball 3-1: Foul Ball, location: 2F 3-2: Strikes out looking
|
Bottom of the 5th over - 0 runs, 0 hits, 0 errors, 0 left on base; South Bend 5 - Hagerstown 5 |
TOP OF THE 6TH |
South Bend Cubs batting - Pitching for Hagerstown Suns : RHP Gary Simmons
|
Batting: LHB Alex Ramos
|
0-0: Ball 1-0: Ball 2-0: Swinging Strike 2-1: Fly out, F9 (Flyball, 9, EV 78.8 MPH)
|
Batting: RHB Nick Beecher
|
0-0: Called Strike 0-1: Ball 1-1: Called Strike 1-2: Ball 2-2: Ball 3-2: Ground out 5-3 (Groundball, 5, EV 102.5 MPH)
|
Batting: LHB Melvin Salgado
|
0-0: Ball 1-0: Ball 2-0: Called Strike 2-1: Called Strike 2-2: Ball 3-2: Foul Ball, location: 2F 3-2: Foul Ball, location: 2F 3-2: Foul Ball, location: 2F 3-2: Strikes out looking
|
Top of the 6th over - 0 runs, 0 hits, 0 errors, 0 left on base; South Bend 5 - Hagerstown 5 |
BOTTOM OF THE 6TH |
Hagerstown Suns batting - Pitching for South Bend Cubs : RHP Jean-Paul Lefebvre
|
Batting: RHB Er Le
|
0-0: Swinging Strike 0-1: Ball 1-1: SINGLE (Line Drive, 6D, EV 95.0 MPH)
|
Batting: RHB Jelexiz Cuenca
|
0-0: Called Strike 0-1: Foul Ball, location: 2F 0-2: Ball 1-2: Hit by Pitch Er Le to second
|
Batting: SHB Alex Medina
|
0-0: Called Strike 0-1: Ball 1-1: SINGLE (Groundball, 5L, EV 102.5 MPH) Er Le to third Jelexiz Cuenca to second
|
Pitching: RHP Josh Mott
|
|
Pinch Hitting: LHB Adam Jacobs
|
0-0: Called Strike 0-1: Called Strike 0-2: Ball 1-2: Foul Ball, location: 2F 1-2: Foul Ball, location: 2F 1-2: Strikes out looking
|
Batting: RHB Antonio Morado
|
0-0: Grounds into double play, 5-2-3 (Groundball, 56S, EV 77.5 MPH)
|
Bottom of the 6th over - 0 runs, 2 hits, 0 errors, 2 left on base; South Bend 5 - Hagerstown 5 |
TOP OF THE 7TH |
South Bend Cubs batting - Pitching for Hagerstown Suns : RHP Gary Simmons
|
Pitching: RHP Bastien Perrini
|
|
Now in LF: Deshawn Boseman
|
|
Now in CF: Travis Stanley
|
|
Now in RF: Vince McLane
|
|
Batting: RHB Jon Aguilar
|
0-0: Foul Ball, location: 2F 0-1: Ball 1-1: Called Strike 1-2: Ball 2-2: Strikes out looking
|
Batting: RHB Tim Long
|
0-0: Ball 1-0: Called Strike 1-1: Swinging Strike 1-2: Strikes out swinging
|
Batting: RHB Du Kim
|
0-0: Called Strike 0-1: Ball 1-1: Foul Ball, location: 2F 1-2: TRIPLE (Line Drive, 89XD, EV 103.1 MPH)
|
Batting: RHB Jerry Blas
|
0-0: Called Strike 0-1: Ball 1-1: Ball 2-1: Ball 3-1: Base on Balls
|
Batting: RHB Bartolo Aguilar
|
0-0: Ball 1-0: Foul Ball, location: 2F 1-1: Fly out, F8 (Flyball, 8RD, EV 80.0 MPH)
|
Top of the 7th over - 0 runs, 1 hit, 0 errors, 2 left on base; South Bend 5 - Hagerstown 5 |
BOTTOM OF THE 7TH |
Hagerstown Suns batting - Pitching for South Bend Cubs : RHP Josh Mott
|
Batting: RHB Travis Stanley
|
0-0: Ball 1-0: SINGLE (Groundball, 56D, EV 105.6 MPH)
|
Batting: RHB Deshawn Boseman
|
0-0: Foul Ball, location: 2F 0-1: Ball 1-1: Fly out, F6 (Popup, 6, EV 75.6 MPH)
|
Batting: RHB Steve Bauman
|
0-0: Ball Travis Stanley steals 2nd, throwing error, E2 Travis Stanley to third 1-0: Ball 2-0: Called Strike 2-1: SINGLE (Groundball, 13, EV 85.6 MPH) (infield hit) Travis Stanley scores
|
Batting: RHB Antonio Vallez
|
0-0: Swinging Strike 0-1: Ball 1-1: Foul Ball, location: 2F 1-2: Ball 2-2: Strikes out swinging
|
Pitching: RHP Carlos Zavala
|
|
Batting: RHB Er Le
|
0-0: Ball 1-0: Ball 2-0: Ball 3-0: Called Strike 3-1: DOUBLE (Line Drive, 8LD, EV 106.9 MPH) Steve Bauman to third Runner from 3rd tries for Home, SAFE, throw by CF to trailing runner, SAFE at third!
|
Batting: RHB Jelexiz Cuenca
|
0-0: Ball 1-0: Ball 2-0: Called Strike 2-1: Ground out 6-3 (Groundball, 6, EV 86.9 MPH)
|
Bottom of the 7th over - 2 runs, 3 hits, 1 error, 1 left on base; South Bend 5 - Hagerstown 7 |
TOP OF THE 8TH |
South Bend Cubs batting - Pitching for Hagerstown Suns : RHP Bastien Perrini
|
Batting: LHB Sumiki Okuhara
|
0-0: Called Strike 0-1: Foul Ball, location: 2F 0-2: Strikes out swinging
|
Pitching: LHP Kevin Besser
|
|
Batting: LHB Alex Ramos
|
0-0: Ball 1-0: Ground out 4-3 (Groundball, 4, EV 80.6 MPH)
|
Pitching: LHP Gregg Huddleston
|
|
Batting: RHB Nick Beecher
|
0-0: Ball 1-0: Foul Ball, location: 2F 1-1: Swinging Strike 1-2: Strikes out swinging
|
Top of the 8th over - 0 runs, 0 hits, 0 errors, 0 left on base; South Bend 5 - Hagerstown 7 |
BOTTOM OF THE 8TH |
Hagerstown Suns batting - Pitching for South Bend Cubs : RHP Carlos Zavala
|
Batting: SHB Alex Medina
|
0-0: Called Strike 0-1: Ball 1-1: Foul Ball, location: 2F 1-2: Ball 2-2: Foul Ball, location: 2F 2-2: Strikes out swinging, 2-3 out at first.
|
Batting: LHB Vince McLane
|
0-0: Called Strike 0-1: Ball 1-1: Ball 2-1: Ball 3-1: SOLO HOME RUN (Flyball, 9LD, EV 90.6 MPH), Distance : 349 ft
|
Pitching: LHP Matt Tomlinson
|
|
Batting: RHB Antonio Morado
|
0-0: Called Strike 0-1: SINGLE (Groundball, 6M, EV 104.4 MPH) (infield hit)
|
Batting: RHB Travis Stanley
|
0-0: Called Strike Antonio Morado steals 2nd base (no throw) 0-1: Swinging Strike 0-2: Ball Wild Pitch! Antonio Morado to third 1-2: Ball 2-2: Strikes out swinging
|
Batting: RHB Deshawn Boseman
|
0-0: Called Strike 0-1: Fly out, F6 (Popup, 6D, EV 66.9 MPH)
|
Bottom of the 8th over - 1 run, 2 hits, 0 errors, 1 left on base; South Bend 5 - Hagerstown 8 |
TOP OF THE 9TH |
South Bend Cubs batting - Pitching for Hagerstown Suns : LHP Gregg Huddleston
|
Batting: LHB Melvin Salgado
|
0-0: SINGLE (Line Drive, 3D, EV 98.1 MPH)
|
Batting: RHB Jon Aguilar
|
0-0: Ball Wild Pitch! Melvin Salgado to second 1-0: Ground out 6-3 (Groundball, 6, EV 105.6 MPH)
|
Batting: RHB Tim Long
|
0-0: Called Strike 0-1: Ball 1-1: Ball 2-1: Ball 3-1: Called Strike 3-2: Fly out, F6 (Popup, 6, EV 74.4 MPH)
|
Batting: RHB Du Kim
|
0-0: Ball 1-0: Ball 2-0: Called Strike 2-1: Called Strike 2-2: Ball 3-2: Base on Balls
|
Batting: RHB Jerry Blas
|
0-0: Ball 1-0: Foul Ball, location: 2F 1-1: Ball 2-1: Ground out U3 (Groundball, 23, EV 85.0 MPH)
|
Top of the 9th over - 0 runs, 1 hit, 0 errors, 2 left on base; South Bend 5 - Hagerstown 8 |
|